 Dungeon Crawl Stone Soup version 0.30-a0-354-g6b83867211 (webtiles) character file.

Game seed: 3829040905557884946

63 koil the Chopper (level 4, -1/38 HPs)
             Began as a Hill Orc Reaver on Nov 8, 2022.
             Was an Initiate of Qazlal.
             Slain by an orc
             ... wielding a +0 flail
              (8 damage)
             ... on level 3 of the Dungeon.
             The game lasted 00:05:23 (1851 turns).

koil the Chopper (Hill Orc Reaver)                  Turns: 1851, Time: 00:05:24

Health: -1/38      AC:  4    Str: 13 (16) XL:     4   Next: 10%
Magic:  7/7        EV: 12    Int: 10 (13) God:    Qazlal [......]
Gold:   97         SH:  0    Dex:  8 (9)  Spells: 6/7 levels left

rFire   + . .      SeeInvis .    a - +0 hand axe
rCold   . . .      Faith    .    (no shield)
rNeg    . . .      Spirit   .    f - +2 robe {rF+}
rPois   .          Reflect  .    (no helmet)
rElec   .          Harm     .    (no cloak)
rCorr   +          Rampage  .    (no gloves)
Will    .....                    (no boots)
Stlth   +.........               m - amulet of the acrobat
HPRegen 0.26/turn                i - ring of resist corrosion
MPRegen 0.10/turn                (no ring)

@: invisible
A: no striking features
a: Renounce Religion


You were on level 3 of the Dungeon.
You worshipped Qazlal.
Qazlal was noncommittal.
You visited 1 branch of the dungeon, and saw 3 of its levels.

You collected 97 gold pieces.

Inventory:

Hand Weapons
 a - a +0 hand axe (weapon)
Missiles
 k - 6 poisoned darts
Armour
 b - a +0 leather armour
 f - a +2 robe of fire resistance (worn)
 j - a +0 ring mail
Jewellery
 i - a ring of resist corrosion (left hand)
 m - an amulet of the acrobat (around neck)
Wands
 r - a wand of roots (10)
Scrolls
 e - a scroll of vulnerability {unknown}
 g - a scroll of blinking {unknown}
 l - a scroll of identify {unknown}
 p - a scroll of enchant armour {unknown}
Potions
 d - 2 potions of degeneration
 o - a potion of brilliance {unknown}
 q - a potion of might {unknown}


   Skills:
 + Level 3.1 Fighting
 + Level 4.4 Axes
 + Level 1.3 Armour
 + Level 2.0 Dodging
 + Level 2.0 Spellcasting
 + Level 3.2 Conjurations


You had 6 spell levels left.
You knew the following spells:

 Your Spells              Type           Power      Damage    Failure   Level
a - Kiss of Death         Conj/Necr      16%        2d6       16%         1

Your spell library contained the following spells:

 Spells                   Type           Power      Damage    Failure   Level
 Momentum Strike          Conj/Tloc      8%         3d8       24%         2
 Hailstorm                Conj/Ice       4%         3d4       43%         3


Dungeon Overview and Level Annotations

Branches:
Dungeon (3/15)

Altars:
Qazlal
Trog


Message History

You hit the orc but do no damage.
The orc is lightly wounded.
You hit the orc but do no damage. The orc hits you with a +0 flail!
The orc hits you with a +0 falchion.
You are too injured to fight recklessly!
You are too injured to fight recklessly!
Unknown command.
The orc attacks as you move away! The orc hits you with a +0 flail!
* * * LOW HITPOINT WARNING * * *
The orc completely misses you.
You barely miss the orc.
The orc wizard casts a spell.
The orc wizard flickers and vanishes!
Deactivating autopickup; reactivate with Ctrl-A.
The orc hits you with a +0 flail.
* * * LOW HITPOINT WARNING * * *
You hit the orc.
The orc is moderately wounded.
The orc misses you.
You hit the orc but do no damage.
The orc is moderately wounded.
The orc hits you with a +0 flail.
* * * LOW HITPOINT WARNING * * *
It was a potion of curing.
You feel better. The orc closely misses you.
You hit the orc but do no damage. Your punch misses the orc.
The orc is moderately wounded.
The orc hits you with a +0 flail!
* * * LOW HITPOINT WARNING * * *
The orc closely misses you. The orc completely misses you.
It was a potion of degeneration.
There was something very wrong with that liquid.
You feel weakened.
You feel dopey.
You feel clumsy. The orc barely misses you.
It was a potion of magic.
Magic courses through your body. The orc closely misses you.
The orc barely misses you.
It was a potion of invisibility.
You fade into invisibility!
The orc closely misses you. The orc hits you with a +0 flail!
You die...

##..........#
...........#
#..........# ##
#..........+ .#
#...# ....###.#
#...# #..?...#
#...####......#
#...@oow.....[#
#...o.###.......#
#.........##)...#
#.#########
....... #.#
..w#### #.# .....
#.# (..... #.#
.....? #.#


You could see a worm (unable to see you) and 3 orcs.

Vanquished Creatures
  3 worms (D:2)
  2 dart slugs (D:1)
  5 ball pythons
  4 endoplasms
  A giant cockroach (D:1)
  5 goblins (D:1)
  8 hobgoblins
  3 quokkas
  3 bats
  3 frilled lizards
  5 kobolds
  3 rats (D:1)
45 creatures vanquished.

Notes
Turn   | Place    | Note
-------+----------+-------------------------------------------
     0 | D:1      | koil the Hill Orc Reaver began the quest for the Orb.
     0 | D:1      | Reached XP level 1. HP: 18/18 MP: 3/3
   241 | D:1      | Reached XP level 2. HP: 20/25 MP: 4/4
   330 | D:1      | HP: 5/25 [hobgoblin (4)]
   331 | D:1      | HP: 2/25 [hobgoblin (4)]
   411 | D:1      | Reached skill level 1 in Armour
   420 | D:1      | Reached XP level 3. HP: 20/30 MP: 5/5
  1222 | D:2      | Reached XP level 4. HP: 34/38 MP: 6/6
  1413 | D:2      | Found a stormy altar of Qazlal.
  1434 | D:2      | Became a worshipper of Qazlal Stormbringer
  1792 | D:3      | Found a bloodstained altar of Trog.
  1837 | D:3      | HP: 6/38 [orc/+0 flail (9)]
  1842 | D:3      | HP: 7/38 [orc/+0 flail (1)]
  1844 | D:3      | HP: 1/38 [orc/+0 flail (6)]
  1851 | D:3      | Slain by an orc

Illustrated notes

Levels and vault maps discovered:
D:1:      minmay_arrival_three_doors, layout_loops_cross, minivault_26,
          minmay_crystal_room
D:2:      layout_basic, basic_altar
D:3:      layout_basic, mainiacjoe_overflow_24_doors, dk_vineyard_1

Skill      XL: |  1  2  3  4 |
---------------+-------------+-----
Armour         | 1 |  1.3
Fighting       | 3 |  3.1
Dodging        | 2 |  2.0
Spellcasting   | 2 |  2.0
Axes           | |  4.4
Conjurations   | |  3.2

Action                   |  1- 3 |  4- 6 || total
-------------------------+-------+-------++-------
Melee: Hand axe          |   137 |    12 ||   149
       Punch             |     2 |       ||     2
  Use: Potion            |       |     4 ||     4
Armor: Leather armour    |    21 |       ||    21
       Robe              |    14 |       ||    14
Dodge: Dodged            |    87 |    13 ||   100

Table legend: (Time is in decaauts)
 A = Elapsed time spent in this place.
 B = Non-inter-level travel time spent in this place.
 C = Inter-level travel time spent in this place.
 D = Time resting spent in this place.
 E = Time spent auto-exploring this place.
 F = Levels seen in this place.
 G = Mean time per level.
                   A        B        C        D        E       F      G
               +--------+--------+--------+--------+--------+-----+--------+
         Total |   1864 |   1773 |     91 |    100 |   1316 |   3 |  621.3 |
       Dungeon |   1864 |   1773 |     91 |    100 |   1316 |   3 |  621.3 |
               +--------+--------+--------+--------+--------+-----+--------+

Top non-repeatable levels by time:
     D:1: 905 daAuts
     D:2: 881 daAuts
     D:3: 78 daAuts
